 Dungeon Crawl Stone Soup version 0.26.1-11-gd32895ea62 (webtiles) character file.

Game seed: 13864429750894199389

49 Descartes the Sneak (level 3, 0/14 HPs)
             Began as a Felid Enchanter on May 6, 2021.
             Slain by an adder (2 damage)
             ... on level 2 of the Dungeon.
             The game lasted 00:03:32 (1942 turns).

Descartes the Sneak (Felid Enchanter)               Turns: 1942, Time: 00:03:32

Health: 0/14       AC:  1    Str: 11    XL:     3   Next: 53%
Magic:  7/7        EV: 19    Int: 16    God:
Gold:   94         SH:  0    Dex: 16    Spells: 0/6 levels left
                                        Lives:  0   Deaths: 0

rFire    . . .     SeeInvis +     - Unarmed
rCold    . . .     Faith    .   (shield unavailable)
rNeg     . . .     Spirit   .   (armour unavailable)
rPois    .         Reflect  .   (helmet unavailable)
rElec    .         Harm     .   (cloak unavailable)
rCorr    .         Rampage  .   (gloves unavailable)
Will     .....                  (boots unavailable)
Stlth    +++.......             g - amulet of magic regeneration
HPRegen  0.04/turn              d - +6 ring of strength
MPRegen  0.35/turn              (no ring)

@: lethally poisoned (0 -> -11), quick
A: very small, no armour, no weapons or thrown items, stealth, claws 1, fangs 3,
see invisible, speed 1, shaggy fur 1, sharp paws
a: no special abilities


You were on level 2 of the Dungeon.
You visited 1 branch of the dungeon, and saw 2 of its levels.

You collected 94 gold pieces.

Inventory:

Missiles
 f - 63 stones
 j - 12 arrows
Jewellery
 d - a +6 ring of strength (left paw)
 g - an amulet of magic regeneration (around neck)
Scrolls
 a - a scroll of magic mapping {unknown}
 b - 2 scrolls of fear {unknown}
 c - 2 scrolls of identify {unknown}
Potions
 e - a potion of haste {unknown}
 h - 2 potions of degeneration {unknown}
 i - a potion of heal wounds {unknown}


   Skills:
 + Level 3.7 Dodging
 + Level 4.8 Stealth
 + Level 2.0 Unarmed Combat
 - Level 2.0 Spellcasting
 + Level 4.5 Hexes


You couldn't memorise any spells.
You knew the following spells:

 Your Spells              Type           Power        Failure   Level
a - Confusing Touch       Hex            16%          10%         3
b - Ensorcelled Hibernat  Hex/Ice        16%          12%         2
c - Corona                Hex            17%          3%          1

Your spell library contained the following spells:

 Spells                   Type           Power        Failure   Level
 Tukima's Dance           Hex            16%          10%         3
 Dazzling Flash           Conj/Hex       16%          24%         3


Dungeon Overview and Level Annotations

Branches:
Dungeon (2/15)

Altars:


Innate Abilities, Weirdness & Mutations

You cannot wear armour.
You are incapable of wielding weapons or throwing items.
Your paws allow you to move quietly. (Stealth)
You have sharp claws.
You have razor-sharp teeth.
You have supernaturally acute eyesight. (SInv)
You cover ground quickly.
You are covered in fur. (AC +1)
Your sharp claws are effective at attacking unaware monsters.


Message History

You miss the adder. The adder barely misses you.
You scratch the adder but do no damage. The adder closely misses you.
You closely miss the adder.
You feel sick. The adder bites you. The adder barely misses you.
You barely miss the adder. The adder bites you.
* * * LOW HITPOINT WARNING * * *
You are more poisoned.
The adder poisons you!
You scratch the adder. You bite the adder, but do no damage.
The adder is heavily wounded.
* * * LOW HITPOINT WARNING * * *
You feel sick. The adder misses you.
You barely miss the adder.
The adder is heavily wounded.
The adder misses you.
You scratch the adder. Your bite misses the adder.
The adder is almost dead.
* * * LOW HITPOINT WARNING * * *
You feel sick. The adder bites you.
You die...

#....#
#....#
#....#
###.##
##.#.#
#.#
#.#.#
#.#.#
#.#.#
#.#
#.#
#@#
#S#
#.#
#.#
#.#
#.#
..#
#.#


You could see an adder.

Vanquished Creatures
  2 adders (D:2)
  An ooze (D:1)
  A worm (D:2)
  A dart slug (D:1)
  2 bats
  A giant cockroach (D:1)
  5 goblins
  2 hobgoblins
  A quokka (D:2)
  2 frilled lizards (D:2)
  2 kobolds (D:2)
  3 rats
23 creatures vanquished.

Notes
Turn   | Place    | Note
-------+----------+-------------------------------------------
     0 | D:1      | Descartes the Felid Enchanter began the quest for the Orb.
     0 | D:1      | Reached XP level 1. HP: 7/7 MP: 4/4
   266 | D:1      | Reached XP level 2. HP: 3/11 MP: 6/6
  1042 | D:2      | Reached XP level 3. HP: 13/14 MP: 7/7
  1414 | D:2      | Learned a level 3 spell: Confusing Touch
  1417 | D:2      | Learned a level 2 spell: Ensorcelled Hibernation
  1942 | D:2      | Slain by an adder

Illustrated notes

Levels and vault maps discovered:
D:1:      kennysheep_arrival_forest, layout_rooms
D:2:      layout_basic, chequers_ecumenical_altar_lobes

Skill      XL: |  1  2  3 |
---------------+----------+-----
Dodging        | 3 |  3.7
Unarmed Combat | 2 |  2.0
Stealth        | |  4.8
Spellcasting   | |  2.0
Hexes          | |  4.5

Action                   || total
-------------------------++-------
Melee: Unarmed           ||    87
       Bite              ||     7
 Cast: Ensorcelled Hiber ||     1
 Stab: Sleeping          ||     8
Armor: Skin              ||     4
Dodge: Dodged            ||    72
